 Dungeon Crawl Stone Soup version 0.23.0 (webtiles) character file.

Game seed: 14348964371336173322

5332 Mgcat the Grappler (level 10, -2/96 HPs)
             Began as a Troll Fighter on Feb 13, 2019.
             Was an Elder of Yredelemnul.
             Killed by divine providence
             ... invoked by an orc priest
              (10 damage)
             ... on level 9 of the Dungeon.
             The game lasted 00:22:29 (7014 turns).

Mgcat the Grappler (Troll Fighter)                  Turns: 7014, Time: 00:22:30

Health: -2/96      AC:  9    Str: 28    XL:     10   Next: 38%
Magic:  23/23      EV: 11    Int:  5    God:    Yredelemnul [****..]
Gold:   144        SH: 10    Dex: 14    Spells: 9/9 levels left

rFire    . . .     SeeInvis .     - Unarmed
rCold    . . .     Gourm    +   b - +0 shield
rNeg     . . .     Faith    .   a - +0 robe
rPois    .         Spirit   .   (helmet restricted)
rElec    .         Reflect  .   w - +2 cloak
rCorr    .         Harm     .   (gloves unavailable)
MR       .....                  (boots unavailable)
Stlth    +++.......             u - amulet of regeneration {+regen, !d}
HPRegen  1.06/turn              x - ring of Xom's Hope {+Fly MP+9 Dex+5}
MPRegen  0.18/turn              h - ring of Shadows {Umbra +Inv Stlth+}

@: wreathed by umbra
A: large, unfitting armour, claws 3, fast metabolism 3, gourmand, regeneration
1, shaggy fur 1, tough skin 3
a: Recall Undead Slaves, Injury Mirror, Animate Dead, Drain Life, Renounce
Religion, Evoke Invisibility, Evoke Flight


You were on level 9 of the Dungeon.
You worshipped Yredelemnul.
Yredelemnul was greatly pleased with you.
You were very hungry.

You visited 1 branch of the dungeon, and saw 9 of its levels.
You also visited: Sewer.

You collected 584 gold pieces.
You spent 440 gold pieces at shops.

Inventory:

Armour
 a - a +0 robe (worn)
 b - a +0 shield (worn)
 w - a +2 cloak (worn)
   (You took it off Maurice on level 8 of the Dungeon)
Jewellery
 h - the ring of Shadows (right claw) {Umbra +Inv Stlth+}
   (You bought it in a shop on level 5 of the Dungeon)

   [ring of stealth]

   It lets you turn invisible.
   It makes you more stealthy.
 o - an uncursed ring of protection from fire {rF+, !d}
   (You found it on level 1 of the Dungeon)
 u - an amulet of regeneration (around neck) {+regen, !d}
   (You found it on level 7 of the Dungeon)
 x - the ring of Xom's Hope (left claw) {+Fly MP+9 Dex+5}
   (You found it on level 8 of the Dungeon)

   [ring of flight]

   It affects your dexterity (+5).
   It affects your magic capacity (+9).
   It lets you fly.
Wands
 g - a wand of iceblast (16)
   (You found it on level 5 of the Dungeon)
 p - a wand of enslavement (10)
   (You found it on level 6 of the Dungeon)
 G - a wand of random effects (14)
   (You took it off Ijyb on level 4 of the Dungeon)
 J - a wand of flame (7)
   (You took it off Natasha on level 4 of the Dungeon)
Scrolls
 e - 2 scrolls of fog
 r - 2 scrolls of magic mapping {!r}
 s - 6 scrolls of remove curse
 t - 8 scrolls of teleportation
Potions
 c - 2 potions of might
 f - 2 potions of lignification {!q}
 i - 7 potions of curing
 m - 2 potions of heal wounds {unknown}
 n - 3 potions of flight {unknown}
 q - a potion of haste {unknown}
 v - a potion of degeneration {unknown}
 K - a potion of ambrosia
 O - 2 potions of magic
Comestibles
 d - 14 rations


   Skills:
 - Level 5.0 Fighting
 - Level 5.0 Dodging
 - Level 5.0 Shields
 + Level 8.7 Unarmed Combat
 + Level 7.5 Invocations
 + Level 3.1 Evocations


You had 9 spell levels left.
You didn't know any spells.
Your spell library contained the following spells:

 Spells                   Type           Power        Failure   Level  Hunger
 Animate Skeleton         Necr           N/A          77%         1    ##.....
 Apportation              Tloc           #.....       77%         1    ##.....
 Confusing Touch          Hex            #.....       77%         1    ##.....
 Summon Small Mammal      Summ           #...         77%         1    ##.....
 Confuse                  Hex            #.......     98%         3    ####...
 Gell's Gravitas          Tloc           #.........   98%         3    ####...
 Petrify                  Tmut/Erth      #.......     100%        4    #####..
 Metabolic Englaciation   Hex/Ice        #.........   100%        5    ######.
 Yara's Violent Unravell  Hex/Tmut       #.........   100%        5    ######.


Dungeon Overview and Level Annotations

Branches:
Dungeon (9/15)             Temple (0/1) D:5            Lair (0/6) D:8
    Orc: D:9-12

Altars:
Ashenzari
Fedhas
Gozag
Kikubaaqudgha
Makhleb
Okawaru
Qazlal
Uskayaw
Xom
Yredelemnul
Zin

Shops:
D:5 =   D:6 *


Innate Abilities, Weirdness & Mutations

You are too large for most types of armour.
You have claws for hands.
Your metabolism is lightning-fast.
You like to eat raw meat.
Your natural rate of healing is unusually fast.
You are covered in fur. (AC +1)
You have extremely tough skin. (AC +3)


Message History

You closely miss the troll.
Your wight hits the troll with a +0 hand axe.
An orc comes into view. It is wielding a +0 mace.
You block the troll's attack. The troll claws you but does no damage.
The troll closely misses you.
Warning x2: The troll can hit for high damage in melee, and regenerates quickly!
The orc warrior can hit for high damage!
You closely miss the troll.
The troll is lightly wounded.
Your wight barely misses the troll.
The troll bites you. The troll barely misses you. The troll claws you.
You take 9 damage, and have 62/96 hp.
Warning x2: The troll can hit for high damage in melee, and regenerates quickly!
The orc warrior can hit for high damage!
Your shield prevents you from hitting the troll.
The troll is lightly wounded.
Your wight hits the troll with a +0 hand axe!
Your wight drains the troll.
The troll barely misses you. The troll claws you. The troll claws you!
You take 12 damage, and have 50/96 hp.
Warning x2: The troll can hit for high damage in melee, and regenerates quickly!
The orc warrior can hit for high damage!
You scratch the troll but do no damage.
The troll is moderately wounded.
The troll bites you but does no damage. The troll closely misses you.
You block the troll's attack.
Warning x2: The troll can hit for high damage in melee, and regenerates quickly!
The orc warrior can hit for high damage!
You closely miss the troll.
The troll is moderately wounded.
Your wight hits the troll with a +0 hand axe.
Warning x2: The troll can hit for high damage in melee, and regenerates quickly!
The orc warrior can hit for high damage!
You barely miss the troll.
The troll is moderately wounded.
You block the troll's attack. The troll claws you! The troll barely misses you.
Your wight barely misses the troll.
You take 7 damage, and have 45/96 hp.
Warning x2: The troll can hit for high damage in melee, and regenerates quickly!
The orc warrior can hit for high damage!
You mangle the troll!!
The troll is almost dead.
An orc priest comes into view. It is wielding a +0 flail.
You block the troll's attack. The troll claws you!
You block the troll's attack.
Your wight hits the troll but does no damage.
Your wight closely misses the orc warrior.
The orc warrior hits your wight with a +0 short sword.
An adder zombie comes into view.
You take 10 damage, and have 35/96 hp.
Warning x3: The troll can hit for high damage in melee, and regenerates quickly!
The orc priest can smite you!
The orc warrior can hit for high damage!
You scratch the troll.
The troll is almost dead.
You block the troll's attack. The troll barely misses you.
The troll closely misses you. You block the orc warrior's attack.
Your wight closely misses the orc warrior.
Your wight hits the troll with a +0 hand axe.
Warning x3: The troll can hit for high damage in melee, and regenerates quickly!
The orc priest can smite you!
The orc warrior can hit for high damage!
You claw the troll!
You kill the troll!
Yredelemnul accepts your kill.
Your Evocations skill increases to level 3!
You block the orc's attack.
The orc warrior hits you with a +0 short sword!
* * * LOW HITPOINT WARNING * * *
Your wight hits the orc warrior but does no damage.
You take 11 damage, and have 25/96 hp.
Warning x2: The orc priest can smite you!
The orc warrior can hit for high damage!
You scratch the orc warrior.
The orc warrior is lightly wounded.
The orc warrior hits you with a +0 short sword!
* * * LOW HITPOINT WARNING * * *
The orc hits you but does no damage.
Your wight hits the orc warrior with a +0 hand axe!
Your wight drains the orc warrior. x2
You take 12 damage, and have 13/96 hp.
Warning x2: The orc priest can smite you!
The orc warrior can hit for high damage!
The orc warrior barely misses your wight.
Warning x2: The orc priest can smite you!
The orc warrior can hit for high damage!
Your wight hits the orc warrior with a +0 hand axe!
Your wight hits the orc with a +0 hand axe.
The orc warrior hits your wight with a +0 short sword.
Warning x2: The orc priest can smite you!
The orc warrior can hit for high damage!
Your wight hits the orc warrior with a +0 hand axe.
The orc warrior dies!
Yredelemnul accepts your kill.
Your wight misses the orc.
An orc comes into view. It is wielding a +0 whip.
Your wight completely misses the adder zombie.
Your wight hits the orc priest with a +0 hand axe!
Spoiler Alert: The orc priest can smite you!
Your wight misses the adder zombie.
Your wight closely misses the orc priest.
The orc priest begins to cast a cantrip, but forgets the words!
Your wight hits the orc priest with a +0 hand axe.
You regained 2 hp, and now have 20/96 hp.
The orc priest mumbles some strange prayers to Beogh against you.
Beogh smites you!
* * * LOW HITPOINT WARNING * * *
Your wight barely misses the orc priest.
You take 14 damage, and have 6/96 hp.
Spoiler Alert: The orc priest can smite you!
The orc priest invokes the aid of Beogh against you.
Beogh smites you!
You die...
Your body rises from the dead as a mindless zombie.

####### ########.....#
######............#######
.......#...♣...#.........
..........♣.♣..........#
...<.....♣.♣.♣.........####
........♣.♣.♣.♣............
.......♣.♣._.♣.♣@.........
####....♣.♣.♣.♣........#######
#.....♣.♣.♣..o.............
........♣.♣.................
###..#...♣...#.Z............
#.........................
...............%.....
........o.....†......
o........z...........


You could see an orc priest, an orc and an adder zombie.

Vanquished Creatures
  A cyclops (D:8)
  An elephant (D:8)
  Maurice (D:8)
  A troll (D:9)
  A hippogriff (D:8)
  Prince Ribbit (D:5)
  Sigmund (D:6)
  A human (D:8)
  A hungry ghost (D:8)
  2 water moccasins
  An orc warrior (D:8)
  2 ice beasts
  A black bear (D:8)
  3 ogres
  3 centaurs
  A crocodile (D:8)
  A big kobold (Sewer)
  2 bullfrogs
  5 scorpions
  3 howler monkeys
  10 wights (D:7)
  2 crimson imps
  A centaur zombie (D:7)
  4 orc priests
  A jelly (D:4)
  A hound (D:7)
  8 orc wizards
  2 bullfrog skeletons
  Ijyb (D:4)
  Natasha (thrice) (D:4)
  5 worker ants
  A hound skeleton (D:6)
  7 adders
  A river rat (Sewer)
  2 shadow imps
  An ooze (D:3)
  3 worms
  A dart slug (D:1)
  5 leopard geckos
  33 orcs
  2 ball pythons
  7 bats
  9 giant cockroaches
  2 goblins
  8 hobgoblins
  17 jackals
  2 quokkas (D:3)
  3 frilled lizards
  13 kobolds
  A leopard gecko skeleton (D:6)
  11 rats
200 creatures vanquished.

Vanquished Creatures (collateral kills)
  Grinder (D:6)
  A basilisk (D:8)
  An orc warrior (D:9)
  A phantom (D:6)
  A centaur (D:5)
  Blork the orc (D:6)
  A jelly (D:5)
  An iguana (D:5)
  An adder (D:5)
  An orc (D:8)
  A quokka skeleton (D:6)
  A quokka zombie (D:6)
12 creatures vanquished.

Vanquished Creatures (others)
  A crocodile skeleton (D:8)
  2 orc zombies (D:7)
3 creatures vanquished.

Grand Total: 215 creatures vanquished

Notes
Turn   | Place    | Note
-------+----------+-------------------------------------------
     0 | D:1      | Mgcat the Troll Fighter began the quest for the Orb.
     0 | D:1      | Reached XP level 1. HP: 22/22 MP: 0/0
    82 | D:1      | Reached XP level 2. HP: 28/29 MP: 1/1
   119 | D:1      | Found a shimmering altar of Xom.
   436 | D:1      | Reached XP level 3. HP: 36/36 MP: 2/2
   694 | D:2      | Found a basalt altar of Yredelemnul.
   708 | D:2      | Became a worshipper of Yredelemnul the Dark
   932 | D:2      | Found an opulent altar of Gozag.
  1025 | D:2      | Reached skill level 3 in Fighting
  1025 | D:2      | Reached XP level 4. HP: 44/45 MP: 3/3
  1347 | D:3      | Reached * piety under Yredelemnul
  1351 | D:3      | Reached skill level 3 in Shields
  1377 | D:3      | Reached skill level 3 in Dodging
  1377 | D:3      | Reached skill level 3 in Unarmed Combat
  1377 | D:3      | Reached skill level 1 in Invocations
  1377 | D:3      | Reached XP level 5. HP: 50/53 MP: 4/4
  1947 | D:4      | Found a blossoming altar of Fedhas.
  1947 | D:4      | Noticed Natasha
  1949 | D:4      | Killed Natasha
  1949 | D:4      | Reached XP level 6. HP: 61/61 MP: 6/6
  1985 | D:4      | Reached ** piety under Yredelemnul
  1989 | D:4      | Noticed Natasha
  1998 | D:3      | Reached skill level 2 in Invocations
  2055 | D:4      | Killed Natasha
  2072 | D:4      | Found a stormy altar of Qazlal.
  2148 | D:4      | Noticed Natasha
  2158 | D:4      | Killed Natasha
  2370 | D:4      | Reached XP level 7. HP: 68/68 MP: 7/7
  2373 | D:4      | Found an ancient bone altar of Kikubaaqudgha.
  2523 | D:4      | Reached skill level 4 in Unarmed Combat
  2543 | D:4      | Noticed Ijyb
  2619 | D:4      | Killed Ijyb
  2717 | D:5      | Entered Level 5 of the Dungeon
  2740 | D:5      | Reached skill level 4 in Fighting
  2740 | D:5      | Reached skill level 4 in Shields
  2756 | D:5      | Found Tisor's Jewellery Shoppe.
  2760 | D:5      | Reached skill level 4 in Dodging
  2842 | D:5      | Noticed Prince Ribbit
  2904 | D:5      | Killed Prince Ribbit
  2904 | D:5      | Reached skill level 3 in Invocations
  3072 | D:5      | Reached XP level 8. HP: 70/78 MP: 9/9
  3100 | D:5      | Found a staircase to the Ecumenical Temple.
  3310 | D:5      | Found a burning altar of Makhleb.
  3311 | D:5      | Found a hide-covered altar of Uskayaw.
  3538 | D:6      | Noticed Sigmund
  3572 | D:6      | Killed Sigmund
  3572 | D:6      | Reached skill level 5 in Unarmed Combat
  3774 | D:6      | Found Zin's Purification Station.
  3779 | D:6      | Found a glowing silver altar of Zin.
  3840 | D:6      | Reached skill level 4 in Invocations
  3878 | D:6      | Noticed Grinder
  3882 | D:6      | Reached *** piety under Yredelemnul
  3893 | D:6      | Paralysed by Grinder for 7 turns
  3893 | D:6      | Killed Grinder
  3907 | D:6      | Reached skill level 5 in Shields
  4051 | D:6      | Noticed Blork the orc
  4055 | D:6      | Killed Blork the orc
  4055 | D:6      | Reached skill level 5 in Fighting
  4065 | D:6      | Reached skill level 5 in Dodging
  4065 | D:6      | Reached XP level 9. HP: 83/88 MP: 11/11
  4174 | D:6      | Found a glowing drain.
  4186 | Sewer    | Entered a sewer
  4274 | Sewer    | Found a white marble altar of Elyvilon.
  4623 | D:7      | Reached skill level 6 in Unarmed Combat
  4798 | D:7      | Reached skill level 5 in Invocations
  4828 | D:7      | Found a stormy altar of Qazlal.
  5146 | D:7      | Reached **** piety under Yredelemnul
  5210 | D:7      | Reached skill level 7 in Unarmed Combat
  5249 | D:7      | Reached skill level 6 in Invocations
  5637 | D:5      | Bought the ring of Shadows {Umbra +Inv Stlth+} for 440 gold
                  | pieces
  5637 | D:5      | Found the ring of Shadows {Umbra +Inv Stlth+}
  5754 | D:8      | Noticed Maurice
  6024 | D:8      | Noticed an elephant
  6025 | D:8      | Found a staircase to the Lair.
  6047 | D:8      | Reached skill level 1 in Evocations
  6051 | D:8      | Received a gift from Yredelemnul (a wight)
  6159 | D:8      | Killed an elephant
  6159 | D:8      | Reached skill level 8 in Unarmed Combat
  6159 | D:8      | Reached XP level 10. HP: 65/96 MP: 14/14
  6220 | D:8      | Found a shattered altar of Ashenzari.
  6333 | D:8      | Reached skill level 2 in Evocations
  6371 | D:8      | Killed Maurice
  6371 | D:8      | Reached skill level 7 in Invocations
  6690 | D:8      | Got a flickering lead ring
  6702 | D:8      | Identified the ring of Xom's Hope {+Fly MP+9 Dex+5} (You
                  | found it on level 8 of the Dungeon)
  6734 | D:8      | Noticed a cyclops
  6742 | D:8      | Killed a cyclops
  6965 | D:9      | Found an iron altar of Okawaru.
  7004 | D:9      | Reached skill level 3 in Evocations
  7005 | D:9      | HP: 13/96 [orc warrior/+0 short sword (13)]
  7012 | D:9      | HP: 6/96 [orc priest/divine providence (15)]
  7014 | D:9      | Killed from afar by an orc priest

Skill      XL: |  1  2  3  4  5  6  7  8  9 10 |
---------------+-------------------------------+-----
Fighting       | 3 4 5 |  5.0
Shields        | 3 4 5 |  5.0
Dodging        | 3 4 5 |  5.0
Unarmed Combat | 3 4 5 8 |  8.7
Invocations    | 1 2 3 4 6 7 |  7.5
Evocations     | 1 3 |  3.1

Action                   |  1- 3 |  4- 6 |  7- 9 | 10-12 || total
-------------------------+-------+-------+-------+-------++-------
Melee: Unarmed           |   139 |   199 |   365 |    51 ||   754
Invok: Animate Dead      |       |       |    27 |     5 ||    32
       Animate Remains   |       |       |     9 |       ||     9
       Recall Undead Sla |       |       |     3 |       ||     3
Evoke: Wand              |       |       |     1 |       ||     1
  Use: Scroll            |       |       |    14 |     4 ||    18
       Potion            |       |       |     1 |       ||     1
 Stab: Sleeping          |       |       |     1 |     1 ||     2
  Eat: Chunk             |    15 |    13 |    35 |    11 ||    74
       Ration            |       |       |     3 |       ||     3
Armor: Robe              |    73 |    62 |    66 |    11 ||   212
Dodge: Dodged            |    50 |    75 |   114 |    23 ||   262
Block: Shield            |    78 |   114 |   164 |    17 ||   373

Levels and vault maps discovered:
D:1:      dpeg_arrival_houses_and_road, layout_basic, serial_bayou_lagoon_a,
          xom_teletrap_fun
D:2:      layout_loops_ring, yredelemnul_altar_generic,
          nicolae_overflow_crystal_walls, glass_columns_b
D:3:      layout_basic, first_ration
D:4:      layout_loops_cross, overflow_temple_1_default,
          kiku_gazebo_garden_becter, grunt_qazlal_clouds, uniq_natasha,
          uniq_ijyb
D:5:      layout_basic, gammafunk_temple_overflow_pools,
          minmay_temple_entry_waves, serial_shops, nicolae_shop_crystal,
          hangedman_abyss_or_decor_slice, uniq_prince_ribbit1
D:6:      layout_gridville, zin_purify, gup_sewer_entry_bubbles,
          uniq_blork_the_orc, uniq_grinder, uniq_sigmund
D:7:      layout_gridville, nicolae_overflow_hidden_temple,
          kennysheep_generic_room_12
D:8:      layout_gridville, kennysheep_mini_moat, david_lair_generic,
          grunt_pizzeria, serial_bayou_pond_a, minmay_misc_feat_nine_boxes,
          wad_mini_maze, uniq_maurice
D:9:      layout_long_grid, elyvilon_altar_5, lemuel_round_altar,
          okawaru_trees_2, hiddenorc1_lemuel
Sewer:    sewer_kobolds

Table legend:
 A = Turns spent in this place as a percentage of turns spent in the entire game.
 B = Non-inter-level travel turns spent in this place as a percentage of non-inter-level travel turns spent in the entire game.
 C = Inter-level travel turns spent in this place as a percentage of turns spent in this place.
 D = Turns resting spent in this place as a percentage of non-inter-level travel turns spent in this place.
 E = Turns spent auto-exploring this place as a percentage of non-inter-level travel turns spent in this place.
 F = Non-inter-level travel turns spent in this place divided by the number of levels of this place that you've seen.
                   A       B       C       D       E      F
               +-------+-------+-------+-------+-------+----------------------
         Total | 100.0 | 100.0 |   8.6 |   2.8 |  72.6 | 641.4
       Dungeon |  98.1 |  97.9 |   8.7 |   2.8 |  72.6 | 698.0
         Sewer |   1.9 |   2.1 |   0.0 |   0.0 |  69.7 | 132.0
               +-------+-------+-------+-------+-------+----------------------

Table legend:
 A = Kills in this place as a percentage of kills in entire the game.
 B = Kills by you in this place as a percentage of kills by you in the entire game.
 C = Kills by friends in this place as a percentage of kills by friends in the entire game.
 D = Other kills in this place as a percentage of other kills in the entire game.
 E = Experience gained in this place as a percentage of experience gained in the entire game.
 F = Experience gained in this place divided by the number of levels of this place that you have seen.
                   A       B       C       D       E      F
               +-------+-------+-------+-------+-------+----------------------
         Total | 100.0 | 100.0 | 100.0 |   N/A | 100.0 | 761.8
       Dungeon |  95.8 |  95.5 | 100.0 |   N/A |  98.6 | 834.3
         Sewer |   4.2 |   4.5 |   0.0 |   N/A |   1.4 | 109.0
               +-------+-------+-------+-------+-------+----------------------
